 Dungeon Crawl Stone Soup version 0.17-a0-1685-g57e755e (webtiles) character file.

45 Liatris the Ducker (level 3, 0/27 HPs)
             Began as a Demonspawn Gladiator on Aug 19, 2015.
             Succumbed to an adder's poison
             ... on level 2 of the Dungeon.
             The game lasted 00:08:06 (1431 turns).

Liatris the Ducker (Demonspawn Gladiator)           Turns: 1431, Time: 00:08:07

Health: 0/27       AC:  9    Str: 16    XL:     3   Next: 42%
Magic:  3/3        EV:  7    Int:  9    God:
Gold:   67         SH:  0    Dex: 13    Spells: 0 memorised, 2 levels left

rFire  + . .     SeeInvis .     a - +0 war axe
rCold  . . .     Clarity  .     s - +0 chain mail
rNeg   . . .     SustAt   .     (no shield)
rPois  .         Gourm    .     c - +0 helmet
rElec  .         Spirit   .     (no cloak)
rCorr  .         Warding  .     (no gloves)
rMut   .         Stasis   .     (no boots)
MR     .....                    (no amulet)
Stlth  ..........               (no ring)
                                m - ring of stealth

@: lethally poisoned (0 -> -12), not resistant to hostile enchantments,
extremely unstealthy
A: claws 1, fire resistance 1
a: no special abilities


You were on level 2 of the Dungeon.
You were not hungry.

You visited 1 branch of the dungeon, and saw 2 of its levels.

You collected 67 gold pieces.

Inventory:

Hand weapons
 a - a +0 war axe (weapon)
 k - a +0 dagger of electrocution
Missiles
 d - 3 throwing nets (quivered)
Armour
 b - a +0 leather armour
 c - a +0 helmet (worn)
 s - a +0 chain mail (worn)
Jewellery
 m - a ring of stealth (left claw)
Scrolls
 h - 2 scrolls of remove curse
 l - a scroll of enchant weapon {unknown}
 n - a scroll of blinking {unknown}
 o - 2 scrolls of magic mapping {unknown}
 r - a scroll of noise {unknown}
Potions
 g - a potion of invisibility {unknown}
 i - 2 potions of curing
 p - a potion of haste {unknown}
 q - a potion of mutation {unknown}
Comestibles
 e - 3 bread rations
 f - 2 meat rations
 j - 2 fruits


   Skills:
 + Level 2.2 Fighting
 + Level 3.2 Axes
 + Level 2.0 Throwing
 + Level 0.1 Armour
 + Level 3.3 Dodging
 + Level 0.2 Stealth


You had 2 spell levels left.
You didn't know any spells.

Dungeon Overview and Level Annotations

Branches:
Dungeon (2/15)

Altars:


Innate Abilities, Weirdness & Mutations

You have sharp fingernails.
Your flesh is heat resistant.


Message History

You feel sick. The adder barely misses you.
You closely miss the adder.
The adder is severely wounded.
You feel sick. The adder bites you but does no damage. The adder bites you.
* * * LOW HITPOINT WARNING * * *
You closely miss the adder.
The adder is severely wounded.
* * * LOW HITPOINT WARNING * * *
You feel sick. The adder closely misses you. The adder bites you.
* * * LOW HITPOINT WARNING * * *
You are more poisoned.
The adder poisons you!
That item cannot be evoked!
You miss the adder.
The adder is severely wounded.
* * * LOW HITPOINT WARNING * * *
You feel sick. The adder barely misses you.
You miss the adder.
The adder is severely wounded.
You die...

.............#.#..##......... ..
.....#######............########.
#.#### ###.#..#.....# #...#. #.#
### #.#..#.....####...#. #.# #.#
#.#..#........'...+. #.# #.#
#.#..#.....####...#. ..#
#.####.#..#.............. ..#.#
#.........##.##.###.###.. ..#.#
#.####.#@........ #.# ##. ..#.#
#......#S###.#### #.# ## ..#.#
#.######.# #.# # ..#.#####.# #.#
#.# ## ..#.##.##.# #.# #.# #..
.......##.# #.# ########.# ###
#.........######.###..).....#####
.................................
#.#.##.####################.#####


You could see an adder.

Vanquished Creatures
  An adder (D:2)
  An ooze (D:1)
  2 giant cockroaches
  6 hobgoblins
  3 kobolds
  2 quokkas (D:2)
  2 bats (D:2)
  2 giant newts
  7 goblins
  5 rats
31 creatures vanquished.

Notes
Turn   | Place    | Note
--------------------------------------------------------------
     0 | D:1      | Liatris the Demonspawn Gladiator began the quest for the Orb.
     0 | D:1      | Reached XP level 1. HP: 16/16 MP: 1/1
     3 | D:1      | Noticed an electric eel
     3 | D:1      | Noticed an electric eel
   142 | D:1      | Reached skill level 3 in Dodging
   165 | D:1      | Gained mutation: Your flesh is heat resistant. [demonic ancestry]
   165 | D:1      | Reached XP level 2. HP: 9/22 MP: 2/2
   760 | D:2      | Gained mutation: You have sharp fingernails. [demonic ancestry]
   760 | D:2      | Reached XP level 3. HP: 20/27 MP: 3/3
  1430 | D:2      | HP: 1/27 [poisoned by an adder]
  1431 | D:2      | Succumbed to an adder's poison

Vault maps used:
D:1:      arrival_aquarium_b, kennysheep_another_room, st_stairs_1

Action                   || total
-------------------------++-------
Melee: War axe           ||   105
  Use: Scroll            ||     2
       Potion            ||     1
 Stab: Sleeping          ||     1
  Eat: Meat ration       ||     1
